 Dungeon Crawl Stone Soup version 0.21-a0-193-g085b6a0 (webtiles) character file.

980 seren the Slasher (level 7, -5/55 HPs)
             Began as a Demonspawn Abyssal Knight on Aug 14, 2017.
             Was a Believer of Lugonu.
             Slain by Prince Ribbit (10 damage)
             ... on level 5 of the Dungeon.
             The game lasted 00:16:16 (4845 turns).

seren the Slasher (Demonspawn Abyssal Knight)       Turns: 4845, Time: 00:16:17

Health: -5/55      AC:  6    Str: 14    XL:     7   Next: 96%
Magic:  9/9        EV: 10    Int: 13    God:    Lugonu [**....]
Gold:   129        SH:  0    Dex: 13    Spells: 4/6 levels left

rFire    . . .     SeeInvis .   A - staff of conjuration (curse)
rCold    . . .     Gourm    .   (no shield)
rNeg     . . .     Faith    .   j - +0 scale mail
rPois    .         Spirit   .   (helmet restricted)
rElec    .         Reflect  .   (no cloak)
rCorr    .         Harm     .   (no gloves)
MR       +....                  (no boots)
Stlth    ..........             (no amulet)
HPRegen  0.18/turn              f - ring of protection from magic
MPRegen  0.11/turn              w - ring of flight

@: no status effects
A: antennae 2, claws 1, talons 1, rot immunity
a: Depart the Abyss, Bend Space, Renounce Religion, Evoke Flight


You were on level 5 of the Dungeon.
You worshipped Lugonu.
Lugonu was pleased with you.
You were hungry.

You visited 1 branch of the dungeon, and saw 5 of its levels.
You visited the Abyss 1 time.
You also visited: Ossuary.

You collected 129 gold pieces.

Inventory:

Hand Weapons
 a - a +2 falchion
Missiles
 r - 4 tomahawks of returning (quivered)
Armour
 b - a +0 leather armour
 j - a +0 scale mail (worn)
 y - the +1 robe of Least Resistance {Str+4 Int+4 Dex-4}
   (You found it on level 4 of the Dungeon)

   It affects your strength (+4).
   It affects your intelligence (+4).
   It affects your dexterity (-4).
Magical Staves
 A - a cursed staff of conjuration (weapon)
Jewellery
 f - a ring of protection from magic (left claw)
 w - a ring of flight (right claw)
Wands
 i - a wand of digging (6/24)
 m - a wand of disintegration (2/24)
Scrolls
 d - a scroll of identify
 n - a scroll of enchant armour {unknown}
 q - a scroll of enchant weapon
 t - 2 scrolls of teleportation {!r}
Potions
 e - 2 potions of mutation {!q}
 g - a potion of ambrosia
 h - 8 potions of curing
 k - a potion of cancellation
 l - a potion of invisibility
 o - a potion of might {unknown}
 p - 2 potions of magic
 s - a potion of flight {unknown}
 v - 2 potions of heal wounds {unknown}
 x - a potion of brilliance {unknown}
Books
 u - a book of Cantrips

   Spells                             Type                      Level
   a - Confusing Touch                Hexes                        1
   b - Animate Skeleton               Necromancy                   1
   c - Summon Small Mammal            Summoning                    1
   d - Apportation                    Translocation                1
Comestibles
 c - a bread ration
 z - 6 chunks of flesh


   Skills:
 + Level 4.5 Fighting
 * Level 6.2 Long Blades
 + Level 3.5 Armour
 + Level 3.1 Dodging
 + Level 3.4 Invocations


You had 4 spell levels left.
You knew the following spells:

 Your Spells              Type           Power        Failure   Level  Hunger
a - Animate Skeleton      Necr           N/A          77%         1    ##.....
b - Apportation           Tloc           #.....       77%         1    ##.....


Dungeon Overview and Level Annotations

Branches:
Dungeon (5/15)
 Temple: D:4-7

Altars:
Nemelex Xobeh

Annotations:
D:2 Sigmund
D:5 1 transporter, Prince Ribbit


Innate Abilities, Weirdness & Mutations

You have a pair of antennae on your head.
You have sharp fingernails.
You have sharp toenails.
You are immune to rotting.


Message History

You completely miss Prince Ribbit. You claw Prince Ribbit.
Prince Ribbit is moderately wounded.
Prince Ribbit closely misses you.
You hit Prince Ribbit. Your kick misses Prince Ribbit.
Prince Ribbit is moderately wounded.
Prince Ribbit hits you!
* * * LOW HITPOINT WARNING * * *
Prince Ribbit barely misses you.
You hit Prince Ribbit but do no damage.
Prince Ribbit is moderately wounded.
Prince Ribbit barely misses you. Prince Ribbit hits you!
* * * LOW HITPOINT WARNING * * *
You hit Prince Ribbit but do no damage.
Prince Ribbit is moderately wounded.
Prince Ribbit hits you.
* * * LOW HITPOINT WARNING * * *
You miss Prince Ribbit.
Prince Ribbit is moderately wounded.
Prince Ribbit hits you!
You die...

≈⌠≈..+/©#©..###+##.......#
≈P≈..#..#........#.......#
≈≈≈≈≈#.P#F#......#.<.....#
....5#P8#.#..... #.......#
#########.#...####.......#
..........#...##.#########
.....#...#.............?
.....#...'..............
.....#...#......@.......
.(...###.####.##.F###...
###'####.####.##..#
#................#
#...............># {
#................#
##################


You could see Prince Ribbit.

Vanquished Creatures
  A phantom (D:4)
  An ogre (D:4)
  4 elf zombies (Ossuary)
  4 centaur zombies (Ossuary)
  4 human zombies (Ossuary)
  A jelly (D:3)
  An orc priest (D:3)
  Natasha (thrice) (D:3)
  3 mummies (Ossuary)
  5 adders
  An ooze (D:3)
  A worm (D:2)
  2 dart slugs (D:1)
  3 leopard geckos
  7 orcs (D:3)
  3 giant cockroaches
  7 goblins
  6 hobgoblins
  7 jackals
  2 quokkas
  A ball python (D:2)
  3 bats
  6 frilled lizards
  4 kobolds
  7 rats
87 creatures vanquished.

Notes
Turn   | Place    | Note
-------+----------+-------------------------------------------
     0 | Abyss:1  | seren the Demonspawn Abyssal Knight began the quest for the Orb.
     0 | Abyss:1  | Reached XP level 1. HP: 18/18 MP: 2/2
    49 | Abyss:1  | Found a corrupted altar of Lugonu.
    60 | Abyss:1  | Noticed a smoke demon
    67 | D:1      | Escaped the Abyss
    90 | D:1      | Reached skill level 2 in Long Blades
   225 | D:1      | Gained mutation: You have sharp toenails. [demonic ancestry]
   225 | D:1      | Reached XP level 2. HP: 24/24 MP: 4/4
   298 | D:1      | Reached * piety under Lugonu
   598 | D:1      | Gained mutation: You have sharp fingernails. [demonic ancestry]
   598 | D:1      | Reached XP level 3. HP: 29/29 MP: 5/5
   813 | D:2      | Reached skill level 3 in Long Blades
  1403 | D:3      | Gained mutation: You are immune to rotting. [demonic ancestry]
  1403 | D:3      | Reached XP level 4. HP: 33/35 MP: 6/6
  1413 | D:3      | Reached skill level 4 in Long Blades
  1611 | D:2      | Noticed Sigmund
  1852 | D:3      | Reached ** piety under Lugonu
  2033 | D:3      | Reached skill level 1 in Dodging
  2069 | D:3      | Noticed Natasha
  2071 | D:3      | Killed Natasha
  2071 | D:3      | Reached XP level 5. HP: 41/41 MP: 7/7
  2518 | D:3      | Noticed Natasha
  2521 | D:3      | Killed Natasha
  2537 | D:3      | Noticed Natasha
  2552 | D:3      | Killed Natasha
  3092 | D:4      | Learned a level 1 spell: Animate Skeleton
  3094 | D:4      | Learned a level 1 spell: Apportation
  3121 | D:4      | Found a sand-covered staircase.
  3128 | Ossuary  | Entered an ossuary
  3164 | Ossuary  | Gained mutation: You have a pair of small antennae on your head. [demonic ancestry]
  3164 | Ossuary  | Reached XP level 6. HP: 38/47 MP: 8/8
  3191 | Ossuary  | Reached skill level 5 in Long Blades
  3621 | Ossuary  | Gained mutation: You have a pair of antennae on your head. [demonic ancestry]
  3621 | Ossuary  | Reached XP level 7. HP: 42/54 MP: 9/9
  4097 | D:5      | Entered Level 5 of the Dungeon
  4137 | D:4      | Reached skill level 6 in Long Blades
  4172 | D:4      | Got a shadowed robe
  4183 | D:4      | Identified the +1 robe of Least Resistance {Str+4 Int+4 Dex-4} (You found it on level 4 of the Dungeon)
  4634 | D:4      | Found a sparkling altar of Nemelex Xobeh.
  4821 | D:5      | Found a transporter.
  4830 | D:5      | Noticed Prince Ribbit
  4845 | D:5      | Slain by Prince Ribbit

Vault maps used:
D:1:      eino_arrival_water_star, minivault_4
D:2:      first_bread, uniq_sigmund
D:3:      uniq_natasha
D:4:      kennysheep_mini, enter_ossuary_1
D:5:      gammafunk_wand_slinger, kennysheep_mini_moat, lemuel_blue_sif_altar,
          gammafunk_temple_overflow_statue, nrook_uturn, minmay_misc_feat_roman,
          uniq_prince_ribbit1, uniq_pikel
Ossuary:  ossuary_minmay_four_chambers

Skill      XL: |  1  2  3  4  5  6  7 |
---------------+----------------------+-----
Long Blades    | 2 3 4 5 6 |  6.2
Invocations    | 3 |  3.4
Dodging        | 1 2 3 |  3.1
Armour         | 2 3 |  3.5
Fighting       | 4 |  4.5

Action                   |  1- 3 |  4- 6 |  7- 9 || total
-------------------------+-------+-------+-------++-------
Melee: Falchion          |    80 |   174 |    97 ||   351
       Kick              |    20 |    62 |    30 ||   112
       Staff             |       |       |     8 ||     8
Invok: Depart the Abyss  |     1 |       |       ||     1
       Bend Space        |       |     2 |       ||     2
Evoke: Wand              |       |     2 |       ||     2
  Use: Scroll            |       |     7 |     5 ||    12
       Potion            |       |       |     1 ||     1
 Stab: Invisible         |       |       |     1 ||     1
  Eat: Chunk             |     1 |     7 |       ||     8
       Bread ration      |       |       |     1 ||     1
Armor: Leather armour    |    11 |       |       ||    11
       Scale mail        |    10 |    67 |    16 ||    93
Dodge: Dodged            |    41 |    71 |    41 ||   153
       Rpst.: Falchion   |    12 |    27 |    14 ||    53
